 Dungeon Crawl Stone Soup version 0.19-a0-1866-ge6f2195 (webtiles) character file.

117 JeffiDaFish the Sneak (level 4, -1/31 HPs)
             Began as a Vampire Enchanter on Oct 12, 2016.
             Slain by a gnoll
             ... wielding a +0 halberd
              (5 damage)
             ... on level 3 of the Dungeon.
             The game lasted 00:06:19 (2531 turns).

JeffiDaFish the Sneak (Vampire Enchanter)           Turns: 2531, Time: 00:06:19

Health: -1/31      AC:  3    Str:  7 (8)  XL:     4   Next: 71%
Magic:  7/7        EV: 13    Int: 15 (17) God:
Gold:   74         SH:  0    Dex: 12 (14) Spells: 3 memorised, 1 level left

rFire  . . .     SeeInvis +     g - +0 dagger (venom)
rCold  . . .     Gourm    .     b - +1 robe
rNeg   + . .     Faith    .     (no shield)
rPois  .         Spirit   .     (no helmet)
rElec  .         Dismiss  .     (no cloak)
rCorr  .         Reflect  .     (no gloves)
MR     .....     Harm     .     (no boots)
Stlth  +++.......               (no amulet)
                                (no ring)
                                (no ring)

@: no status effects
A: fangs 3, see invisible, unbreathing
a: Bat Form


You were on level 3 of the Dungeon.
You were not thirsty.

You visited 1 branch of the dungeon, and saw 3 of its levels.

You collected 74 gold pieces.

Inventory:

Hand Weapons
 a - a +1 dagger
 g - a +0 dagger of venom (weapon)
Armour
 b - a +1 robe (worn)
Scrolls
 h - a scroll of teleportation
Potions
 d - 22 potions of blood
 e - a potion of berserk rage
 f - a potion of lignification
Books
 c - a book of Maledictions

   Spells                             Type                      Level
   a - Corona                         Hexes                        1
   b - Ensorcelled Hibernation        Hexes/Ice                    2
   c - Confuse                        Hexes                        3
   d - Tukima's Dance                 Hexes                        3
   e - Dazzling Spray                 Conjuration/Hexes            3


   Skills:
 + Level 0.6 Fighting
 + Level 2.4 Short Blades
 + Level 3.1 Dodging
 + Level 6.2 Stealth
 + Level 2.0 Spellcasting
 + Level 4.9 Hexes
 + Level 0.2 Ice Magic


You had one spell level left.
You knew the following spells:

 Your Spells              Type           Power        Failure   Level  Hunger
a - Corona                Hex            ###....      3%          1    #......
b - Ensorcelled Hibernat  Hex/Ice        #.....       12%         2    ###....
c - Confuse               Hex            ###.....     12%         3    ###....


Dungeon Overview and Level Annotations

Branches:
Dungeon (3/15)

Altars:


Innate Abilities, Weirdness & Mutations

You have razor-sharp teeth.
You have supernaturally acute eyesight. (SInv)
You can survive without breathing.


Message History

You hit the gnoll but do no damage.
The gnoll hits you from afar with a halberd!
The gnoll hits you.
You closely miss the gnoll. The gnoll closely misses you.
You barely miss the gnoll. The gnoll barely misses you.
You hit the gnoll.
The gnoll is poisoned.
The gnoll is lightly wounded.
The gnoll hits you from afar with a halberd.
The gnoll hits you.
You barely miss the gnoll.
The gnoll is lightly wounded.
The gnoll completely misses you.
The gnoll hits you from afar with a halberd!
* * * LOW HITPOINT WARNING * * *
You are too injured to fight recklessly!
You completely miss the gnoll.
The gnoll is moderately wounded.
The gnoll barely misses you.
The gnoll hits you from afar with a halberd.
You die...

..##.#
+####>##.###### .#
.⌠⌠⌠#.#.....<.# .#
.⌠⌠⌠#.#.......# .#
##⌠⌠#.#....)..###.
.#..'..........#gg
⌠...'.#........#g#
.#⌠⌠#.#........#g#
.⌠⌠⌠#.#........#@#
.⌠⌠⌠#.####.###.#.#
'####......#
#.#.##### .#
######## #.#...>.#
####### #.#####.#
#.....# ######.#
#.# #.....#
#...##.#####.#
......#
#......#...#.#
#.....#
#...###......#


You could see 4 gnolls.

Vanquished Creatures
  Terence (D:3)
  2 adders (D:2)
  2 oozes
  A worm (D:3)
  2 leopard geckos
  3 orcs (D:3)
  2 giant cockroaches (D:2)
  4 hobgoblins
  11 jackals (D:1)
  4 kobolds
  2 quokkas (D:2)
  A ball python (D:2)
  9 bats
  4 frilled lizards
  3 goblins
  5 rats
56 creatures vanquished.

Notes
Turn   | Place    | Note
-------+----------+-------------------------------------------
     0 | D:1      | JeffiDaFish the Vampire Enchanter began the quest for the Orb.
     0 | D:1      | Reached XP level 1. HP: 13/13 MP: 3/3
   393 | D:1      | Reached XP level 2. HP: 12/19 MP: 5/5
   503 | D:1      | Learned a level 2 spell: Ensorcelled Hibernation
   954 | D:1      | Reached XP level 3. HP: 17/24 MP: 6/6
  1219 | D:1      | Reached skill level 5 in Stealth
  1913 | D:2      | Learned a level 3 spell: Confuse
  2003 | D:2      | Reached XP level 4. HP: 29/31 MP: 7/7
  2324 | D:3      | Noticed Terence
  2331 | D:3      | Killed Terence
  2331 | D:3      | Reached skill level 6 in Stealth
  2531 | D:3      | Slain by a gnoll

Vault maps used:
D:1:      mrwooster_arrival_statue_2
D:3:      first_bread, grunt_decor_fettered, kennysheep_generic_room_4,
          uniq_terence

Skill      XL: |  1  2  3  4 |
---------------+-------------+-----
Stealth        | 5 6 |  6.2
Short Blades   | 2 |  2.4
Dodging        | 3 |  3.1
Fighting       | |  0.6
Spellcasting   | |  2.0
Hexes          | |  4.9
Ice Magic      | |  0.2

Action                   |  1- 3 |  4- 6 || total
-------------------------+-------+-------++-------
Melee: Dagger            |   168 |    49 ||   217
       Bite              |    12 |     2 ||    14
 Cast: Ensorcelled Hiber |       |     2 ||     2
  Use: Scroll            |     3 |     1 ||     4
       Potion            |     8 |     3 ||    11
 Stab: Sleeping          |    13 |     5 ||    18
Armor: Robe              |    39 |    10 ||    49
Dodge: Dodged            |   120 |    50 ||   170
